Map: Prion Terraces

Players

Nite

  • Race: Zerg Zerg
  • League: Gold

Slacker - Winner!

  • Race: Terran Terran
  • League: Platinum

VOD

Have the link to the VOD?

Description

Time

  • Played on: March 20, 2016, 12:03 a.m.
  • Length: 16:08
Show
View Real Time Build Order
Export as new Build Order

Nite Zerg 

Build Orders: Hatch First, Muta Ling Bane 

Get SALT Encoding   

  12  0:01  Drone  
  13  0:12  Overlord  
  13  0:17  Drone  
  14  0:34  Drone x2  
  14  0:35  Drone  
  17  0:56  Hatchery  
  16  0:57  Drone  
  16  1:01  Drone  
  18  1:06  Extractor  
  18  1:07  Drone  
  18  1:23  Spawning Pool  
  17  1:30  Drone x2  
  19  1:39  Overlord  
  19  1:50  Drone  
  20  2:01  Drone  
  21  2:13  Zergling x4  
  21  2:14  Queen x2  
  26  2:20  Metabolic Boost  
  26  2:24  Drone  
  26  2:27  Drone  
  28  2:30  Drone  
  28  2:35  Zergling x2  
  30  2:45  Drone x2  
  32  3:01  Queen  
  32  3:03  Pneumatized Carapace  
  34  3:06  Overlord  
  34  3:07  Drone x2  
  34  3:10  Extractor  
  34  3:11  Drone, Extractor  
  35  3:13  Drone  
  36  3:31  Drone x2  
  36  3:32  Drone x2  
  40  3:37  Drone  
  40  3:38  Drone x3  
  40  3:39  Overlord  
  44  3:52  Roach Warren  
  43  3:59  Drone x2  
  43  4:00  Drone x2  
  47  4:07  Extractor  
  47  4:08  Hatchery  
  45  4:18  Drone x5  
  45  4:20  Spore Crawler  
  45  4:22  Spore Crawler  
  48  4:31  Queen  
  50  4:41  Drone, Overlord x2  
  51  4:51  Lair  
  51  5:01  Spine Crawler  
  50  5:09  Baneling Nest  
  50  5:10  Drone x3, Evolution Chamber  
  50  5:11  Drone  
  50  5:12  Evolution Chamber  
  51  5:18  Drone x3  
  54  5:22  Roach x3  
  54  5:23  Roach x2  
  54  5:24  Roach x2  
  54  5:25  Roach x2  
  72  5:36  Overlord  
  72  5:37  Overlord  
  72  5:39  Zerg Ground Armor Level 1  
  72  5:40  Zerg Melee Weapons Level 1  
  72  5:45  Drone  
  72  5:49  Extractor  
  72  5:50  Drone x2  
  72  5:52  Overlord  
  72  5:53  Overlord  
  72  5:54  Extractor  
  72  5:56  Spore Crawler  
  72  6:07  Spire  
  71  6:14  Overseer  
  71  6:18  Drone x3  
  74  6:35  Centrifical Hooks  
  74  6:36  Zergling x4  
  74  6:37  Overlord x3, Zergling x4  
  78  6:41  Zergling x12  
  84  6:47  Baneling  
  84  6:48  Baneling x5  
  84  6:59  Zergling x2  
  85  7:14  Zergling x12  
  90  7:17  Baneling x5  
  90  7:18  Baneling x7  
  90  7:19  Baneling x3  
  88  7:26  Hatchery  
  88  7:27  Extractor  
  81  7:50  Mutalisk  
  81  7:51  Mutalisk x4  
  74  7:54  Queen  
  74  7:56  Drone  
  85  7:59  Drone x4  
  85  8:02  Zerg Melee Weapons Level 2  
  89  8:16  Mutalisk  
  89  8:18  Drone x2  
  93  8:22  Extractor  
  93  8:25  Baneling x5  
  92  8:36  Drone x4  
  92  8:37  Drone x2, Hatchery  
  97  8:50  Mutalisk x3  
  97  8:52  Zergling x4  
  97  8:53  Zergling x2  
  97  8:54  Zergling x8  
  97  8:55  Drone x2  
  112  9:03  Drone x2  
  114  9:14  Drone x3  
  117  9:20  Baneling  
  117  9:21  Baneling x2  
  117  9:25  Mutalisk x3  
  123  9:39  Mutalisk x2  
  123  9:42  Zergling x4  
  123  9:43  Zergling x2  
  130  9:48  Overseer  
  130  9:49  Overlord x4  
  130  10:00  Zerg Flyer Weapons Level 1  
  130  10:02  Zerg Ground Armor Level 2  
  130  10:13  Infestation Pit  
  129  10:15  Drone x5  
  129  10:16  Drone x7  
  129  10:17  Overlord x3  
  129  10:20  Baneling  
  129  10:21  Baneling x2  
  141  10:24  Overseer  
  141  10:31  Drone x2  
  141  10:34  Extractor  
  142  10:35  Drone  
  142  10:36  Drone x2, Queen  
  142  10:38  Extractor  
  144  10:55  Zergling x2  
  144  10:56  Zergling x6  
  146  11:01  Mutalisk x3  
  142  11:39  Drone x4  
  128  11:40  Drone x4  
  128  11:41  Drone  
  128  11:42  Drone x6  
  139  11:57  Hive  
  139  11:59  Zerg Missile Weapons Level 1  
  139  12:00  Zerg Flyer Weapons Level 2  
  139  12:01  Mutalisk x7  
  139  12:02  Hatchery  
  152  12:19  Spore Crawler, Drone x3  
  154  12:24  Queen  
  156  12:48  Baneling x4  
  156  12:49  Baneling x8  
  156  12:50  Baneling x5  
  119  13:22  Zergling x20  
  119  13:23  Zergling x26  
  128  13:36  Zergling x16  
  123  13:57  Baneling x17  
  123  13:58  Baneling x29  
  123  14:03  Ultralisk Cavern, Adrenal Glands  
  84  14:40  Baneling x4  
  84  14:41  Overseer  
  84  14:45  Hatchery  
  83  14:50  Ultralisk x2  
  95  14:53  Zergling x8  
  95  14:54  Zergling x10  
  101  15:10  Zergling x4  
  101  15:11  Zergling x8  
  106  15:16  Drone x3  
  109  15:26  Extractor  
  108  15:31  Extractor  
  108  15:33  Extractor  
  108  15:34  Extractor  
Show
View Real Time Build Order
Export as new Build Order

Slacker Terran - Winner!

Build Orders: Reaper Expand, Bio Mine 

Get SALT Encoding   

  12  0:01  SCV  
  13  0:16  Supply Depot  
  13  0:18  SCV  
  14  0:30  SCV  
  15  0:41  Barracks  
  15  0:42  SCV  
  16  0:46  Refinery  
  16  0:54  SCV  
  17  1:06  SCV  
  18  1:18  SCV  
  19  1:32  Orbital Command  
  19  1:33  Reaper  
  20  1:55  Command Center  
  20  2:01  Supply Depot  
  20  2:20  SCV  
  21  2:24  Barracks Reactor  
  21  2:32  SCV  
  21  2:34  Refinery  
  22  2:44  SCV  
  22  2:49  Factory  
  23  2:56  SCV  
  24  3:08  SCV  
  24  3:10  Marine x2  
  27  3:17  Orbital Command  
  27  3:22  Bunker  
  27  3:30  SCV  
  28  3:42  SCV  
  28  3:44  Starport  
  28  3:46  Hellion, Barracks Tech Lab  
  28  3:47  Hellion  
  33  3:55  SCV x2  
  35  4:06  Supply Depot, Marine  
  35  4:07  Stimpack, SCV x2  
  35  4:08  Hellion x2  
  42  4:19  SCV x2  
  42  4:21  Medivac  
  46  4:27  Marine  
  46  4:29  Hellion x2, Supply Depot  
  51  4:31  SCV x2  
  51  4:32  Barracks  
  53  4:39  Barracks  
  53  4:41  Refinery  
  53  4:43  SCV  
  54  4:50  Marine, SCV  
  54  4:51  Hellion x2  
  60  4:53  Armory  
  60  4:55  Medivac  
  62  5:09  Supply Depot  
  62  5:13  Marine  
  62  5:14  Hellion, Supply Depot, SCV x2  
  67  5:15  Hellion  
  69  5:25  Barracks Reactor  
  69  5:26  Barracks Reactor, SCV  
  69  5:28  Starport Reactor  
  70  5:31  Supply Depot, Marine, SCV  
  72  5:38  Engineering Bay, SCV  
  72  5:42  Hellion  
  77  5:43  Hellion, SCV  
  77  5:49  Marine  
  79  5:50  SCV  
  79  5:55  SCV  
  80  6:12  Marine x4  
  80  6:13  Marauder, Widow Mine  
  80  6:14  Widow Mine  
  80  6:15  Medivac  
  80  6:16  Command Center  
  92  6:18  Medivac  
  94  6:32  Terran Infantry Weapons Level 1  
  94  6:33  Supply Depot  
  94  6:37  Supply Depot  
  94  6:45  Refinery  
  94  6:54  Marine x3  
  94  6:55  Marauder, Marine, SCV  
  94  6:58  Widow Mine x2, Medivac x2  
  103  7:12  Marine x3  
  102  7:19  Marine  
  102  7:20  Marine  
  104  7:26  Widow Mine x2  
  106  7:30  Marine  
  107  7:38  Marauder  
  107  7:40  Marine x2  
  107  7:41  Marine  
  112  7:48  Marine  
  83  7:53  Medivac  
  83  7:54  Medivac  
  83  7:55  SCV x2  
  90  7:58  Marine  
  90  7:59  Orbital Command, Marauder  
  90  8:00  Marine  
  90  8:01  Marine  
  94  8:05  Marine, Engineering Bay  
  94  8:06  Supply Depot  
  94  8:07  SCV x2  
  97  8:16  Marine  
  97  8:17  Factory, Barracks  
  97  8:18  Marine  
  103  8:20  Barracks x2  
  103  8:21  Marauder  
  105  8:28  Widow Mine x2  
  105  8:30  Marine x2  
  105  8:33  SCV x2  
  105  8:34  Marine, SCV  
  110  8:36  Marine  
  112  8:42  Marine  
  112  8:44  Terran Infantry Weapons Level 2  
  112  8:45  SCV  
  112  8:46  SCV x2  
  112  8:48  Marine x2  
  116  8:49  Supply Depot  
  116  8:50  Supply Depot  
  116  8:52  Marine  
  116  8:54  Marine  
  120  8:57  Widow Mine x2  
  120  8:59  Marine  
  120  9:01  Factory Tech Lab  
  125  9:04  SCV x2  
  125  9:05  SCV  
  125  9:06  Marine x2  
  125  9:09  Marine  
  130  9:11  Terran Infantry Armor Level 1  
  130  9:12  Marine  
  130  9:15  Missile Turret  
  130  9:16  SCV x2  
  134  9:17  Marine  
  134  9:22  Refinery  
  134  9:23  Missile Turret  
  135  9:24  Barracks Reactor  
  135  9:26  Barracks Reactor, Barracks Tech Lab, Marine  
  135  9:27  Marine x2  
  135  9:28  Widow Mine x2  
  135  9:29  Marine  
  142  9:35  Marine  
  141  9:39  Missile Turret  
  141  9:44  Marine x2  
  143  9:47  SCV x2  
  143  9:48  SCV  
  143  9:52  Missile Turret, Marine x2  
  146  9:53  Marine  
  146  9:58  Drilling Claws  
  149  10:05  Combat Shields  
  149  10:10  Marine x6, SCV x2  
  149  10:14  Missile Turret  
  157  10:15  Supply Depot  
  157  10:19  Supply Depot  
  157  10:24  Missile Turret  
  157  10:32  Command Center  
  157  10:36  Widow Mine x2  
  157  10:37  Marine x4  
  157  10:40  Marine x3, Widow Mine  
  157  10:42  Marine x3  
  173  10:48  Missile Turret  
  171  10:54  Marine x3  
  173  10:57  Marine  
  173  11:03  Marine  
  173  11:19  Marine x2  
  173  11:20  Marine  
  173  11:23  Marine x5  
  173  11:28  Marine  
  173  11:31  Marine  
  172  11:38  Marine  
  172  11:39  Marine x2  
  164  11:40  Widow Mine x3  
  164  11:41  Marine x5  
  164  11:45  Marine  
  172  11:48  Orbital Command  
  168  11:57  Marine x4  
  168  11:58  Terran Infantry Weapons Level 3  
  168  11:59  Marine x3  
  175  12:08  Widow Mine  
  175  12:09  Marine x3, Widow Mine x2  
  175  12:14  Marine  
  175  12:15  Marauder, Marine  
  188  12:20  Marine x3  
  188  12:21  Marine  
  192  12:28  Marauder  
  192  12:29  Marine x2  
  196  12:32  Marine x2  
  196  12:36  Marine  
  199  12:38  Marine  
  200  12:47  Marine  
  147  13:25  Marine x6  
  147  13:26  Marine x4  
  155  13:43  Marine x7  
  155  13:44  Marine x3  
  156  14:00  Marine x2  
  156  14:01  Marine x4  
  91  14:25  Marine x6  
  91  14:26  Marauder x2, Marine x2  
  99  14:35  Widow Mine x3  
  105  14:42  Marine  
  105  14:43  Marine x5  
  111  14:47  Marauder  
  111  14:48  Marauder  
  115  14:53  Marine x2  
  115  14:56  Medivac  
  115  14:57  Medivac  
  119  15:00  Marine x3  
  119  15:01  Marine x3  
  119  15:03  Widow Mine  
  127  15:09  Marauder x2  
  127  15:11  Marine x2  
  127  15:13  Widow Mine x2  
  135  15:18  Marine x3  
  135  15:19  Marine x3  
  141  15:27  Medivac x2  
  145  15:29  Marine x2  
  145  15:30  Marine x2  
  145  15:32  Widow Mine  
  151  15:36  Marine x5  
  151  15:37  Marine  
  161  15:47  Marine x3  
  161  15:48  Marine  
Tags
 
Add a new tag
Caveats
  • Supply blocks, unpowered buildings, or Contaminate may cause inaccurate times.
  • Supply counts are checked every 10 seconds.